 Dungeon Crawl Stone Soup version 0.26.1-11-gd32895ea62 (webtiles) character file.

Game seed: 1682316232147202353

470 demibob the Ruffian (level 7, 0/57 HPs)
             Began as a Ghoul Monk on Oct 1, 2021.
             Was a Believer of Makhleb.
             Slain by a two-headed ogre
             ... wielding a +0 giant club
              (32 damage)
             ... on level 5 of the Dungeon.
             The game lasted 00:08:44 (4990 turns).

demibob the Ruffian (Ghoul Monk)                    Turns: 4990, Time: 00:08:45

Health: 0/57       AC:  2    Str: 15    XL:     7   Next: 9%
Magic:  6/6        EV: 12    Int:  5    God:    Makhleb [**....]
Gold:   273        SH:  4    Dex: 13    Spells: 6/6 levels left

rFire    . . .     SeeInvis .     - Unarmed
rCold    + + .     Faith    .   h - +0 buckler {reflect}
rNeg     + + +     Spirit   .   a - +0 robe
rPois    ∞         Reflect  +   (no helmet)
rElec    .         Harm     .   b - scarf {shadows}
rCorr    .         Rampage  .   (no gloves)
Will     .....                  (no boots)
Stlth    ++........             (no amulet)
HPRegen  0.00/turn              C - ring of protection from cold
MPRegen  0.10/turn              (no ring)

@: no status effects
A: claws 1, cold resistance 1, negative energy resistance 3, inhibited
regeneration, torment resistance, unbreathing
a: Renounce Religion, Minor Destruction


You were on level 5 of the Dungeon.
You worshipped Makhleb.
Makhleb was pleased with you.
You visited 1 branch of the dungeon, and saw 5 of its levels.

You collected 273 gold pieces.


Innate Abilities, Weirdness & Mutations

You thrive by killing the living.
You are immune to poison.
You have sharp fingernails.
Your flesh is cold resistant. (rC+)
You are immune to negative energy. (rN+++)
You do not regenerate when monsters are visible.
You are immune to unholy pain and torment.
You can survive without breathing.


   Skills:
 - Level 3.2 Fighting
 - Level 2.6 Dodging
 - Level 2.1 Stealth
 + Level 3.0 Shields
 + Level 7.6 Unarmed Combat


You had 6 spell levels left.
You didn't know any spells.
Your spell library was empty.

Inventory:

Missiles
 i - 7 curare-tipped darts (quivered) {=f}
Armour
 a - a +0 robe (worn)
 b - a scarf of shadows (worn)
 h - a +0 buckler of reflection (worn)
Jewellery
 C - a ring of protection from cold (left claw)
Wands
 f - a wand of enslavement (7)
 l - a wand of flame (12)
 m - a wand of random effects (9)
Scrolls
 c - 4 scrolls of identify {@r1}
 d - a scroll of remove curse {unknown}
 e - 2 scrolls of amnesia
 n - a scroll of fear {unknown}
Potions
 g - a potion of brilliance
 k - a potion of magic
 o - a potion of curing {unknown}
 p - a potion of might

Dungeon Overview and Level Annotations

Branches:
Dungeon (5/15)
 Temple: D:4-7

Altars:
Dithmenos
Makhleb
Ru
Trog
The Shining One

Annotations:
D:2 exclusion: door
D:4 exclusion: door

#....... #.#.....
#.#.##.# #.#.##.#
#.#.##.#
######.#.##.########
....................
#######.......####.##
.....O@.......####.#
.###########..#.....
#..............#
#......(..#.##.#
#.......#.#.##.#
######.......#.#
########....####.#
####...........# #.#
.......#####.#..####.#


You could see a two-headed ogre.


Message History

You claw the centaur!
You kill the centaur!
Makhleb accepts your kill.
You feel better.
Your Shields skill increases to level 3!
You have reached level 7!
You start resting.
HP restored.
Things that are here:
a +0 shortbow; 19 arrows
Found 8 gold pieces.
You now have 273 gold pieces (gained 8).
A two-headed ogre comes into view. It is wielding two +0 giant clubs.
A two-headed ogre is nearby!
Okay, then.
You scratch the two-headed ogre but do no damage.
The two-headed ogre hits you with a +0 giant club!!
The two-headed ogre hits you with a +0 giant club!
* * * LOW HITPOINT WARNING * * *
You scratch the two-headed ogre.
The two-headed ogre is lightly wounded.
You scratch the two-headed ogre.
The two-headed ogre is moderately wounded.
You block the two-headed ogre's attack.
The two-headed ogre hits you with a +0 giant club!
* * * LOW HITPOINT WARNING * * *
You feel much better.
The two-headed ogre hits you with a +0 giant club!!
Ouch! That really hurt!
You die...

Skill      XL: |  1  2  3  4  5  6 |
---------------+-------------------+-----
Unarmed Combat | 4 5 6 7 |  7.6
Shields        | 1 3 |  3.0
Fighting       | |  3.2
Dodging        | |  2.6
Stealth        | |  2.1

Action                   |  1- 3 |  4- 6 |  7- 9 || total
-------------------------+-------+-------+-------++-------
Melee: Unarmed           |   115 |   247 |     3 ||   365
       Punch             |       |     1 |       ||     1
  Use: Scroll            |     5 |     3 |       ||     8
       Potion            |       |     3 |     1 ||     4
 Stab: Sleeping          |     4 |     8 |       ||    12
Armor: Robe              |    16 |    25 |       ||    41
Dodge: Dodged            |    63 |   111 |       ||   174
Block: Buckler           |       |    33 |     1 ||    34
       Reflection        |       |     1 |       ||     1

Levels and vault maps discovered:
D:1:      eino_arrival_cavern_b, layout_basic, hex_medium
D:2:      cheibrodos_fertilizer, layout_basic, general_overflow_altar,
          serial_bayou_pond_c
D:3:      layout_loops_corners, uniq_ijyb
D:4:      layout_cave_pools, nicolae_dithmenos_shadow_blocks, kennysheep_mini,
          tgw_trog, lightli_temple_of_fire
D:5:      layout_basic, minmay_temple_entry_stoned_glass, sigmund_army

Notes
Turn   | Place    | Note
-------+----------+-------------------------------------------
     0 | D:1      | demibob the Ghoul Monk began the quest for the Orb.
     0 | D:1      | Reached XP level 1. HP: 19/19 MP: 0/0
    59 | D:1      | Reached XP level 2. HP: 26/26 MP: 1/1
    73 | D:1      | Reached skill level 4 in Unarmed Combat
   508 | D:1      | Reached XP level 3. HP: 27/31 MP: 2/2
   966 | D:1      | Reached skill level 5 in Unarmed Combat
  1234 | D:2      | Reached XP level 4. HP: 38/38 MP: 3/3
  1467 | D:2      | Found a sacrificial altar of Ru.
  1654 | D:2      | Reached skill level 6 in Unarmed Combat
  1654 | D:2      | Reached XP level 5. HP: 16/45 MP: 4/4
  2728 | D:3      | Reached skill level 1 in Shields
  3312 | D:3      | Noticed Ijyb
  3320 | D:3      | Killed Ijyb
  3321 | D:3      | Reached XP level 6. HP: 34/51 MP: 5/5
  3541 | D:4      | Reached skill level 7 in Unarmed Combat
  3619 | D:4      | Found a shadowy altar of Dithmenos.
  3717 | D:4      | Reached skill level 2 in Shields
  3936 | D:4      | Found a burning altar of Makhleb.
  3946 | D:4      | Found a glowing golden altar of the Shining One.
  4135 | D:4      | Noticed a moth of wrath
  4143 | D:4      | Found a bloodstained altar of Trog.
  4456 | D:4      | Became a worshipper of Makhleb the Destroyer
  4456 | D:4      | Reached * piety under Makhleb
  4456 | D:4      | Reached ** piety under Makhleb
  4486 | D:5      | Entered Level 5 of the Dungeon
  4837 | D:5      | Reached skill level 3 in Shields
  4837 | D:5      | Reached XP level 7. HP: 36/57 MP: 6/6
  4985 | D:5      | Noticed a two-headed ogre
  4990 | D:5      | Slain by a two-headed ogre

Vanquished Creatures
  A centaur (D:5)
  A jelly (D:2)
  An orc wizard (D:4)
  A bullfrog skeleton (D:4)
  Ijyb (D:3)
  2 worker ants
  A hound skeleton (D:4)
  5 adders
  An ufetubus (D:5)
  9 oozes
  4 worms
  5 dart slugs
  3 leopard geckos
  9 orcs
  2 ball pythons
  7 bats
  2 giant cockroaches
  9 goblins
  7 hobgoblins
  5 jackals (D:1)
  8 frilled lizards
  A jackal skeleton (D:4)
  14 kobolds
  A leopard gecko skeleton (D:4)
  15 rats
115 creatures vanquished.

Vanquished Creatures (others)
  2 fungi (D:2)
  6 toadstools (D:2)
8 creatures vanquished.

Grand Total: 123 creatures vanquished

Table legend: (Time is in decaauts)
 A = Elapsed time spent in this place.
 B = Non-inter-level travel time spent in this place.
 C = Inter-level travel time spent in this place.
 D = Time resting spent in this place.
 E = Time spent auto-exploring this place.
 F = Levels seen in this place.
 G = Mean time per level.
                   A        B        C        D        E       F      G
               +--------+--------+--------+--------+--------+-----+--------+
         Total |   4960 |   4871 |     89 |   1057 |   2994 |   5 |  992.0 |
       Dungeon |   4960 |   4871 |     89 |   1057 |   2994 |   5 |  992.0 |
               +--------+--------+--------+--------+--------+-----+--------+

Top non-repeatable levels by time:
     D:2: 1284 daAuts
     D:3: 1123 daAuts
     D:1: 1082 daAuts
     D:4: 968 daAuts
     D:5: 500 daAuts

Table legend:
 A = Non-vault XP
 B = Vault XP
 C = Vault XP percentage of total XP
 D = Non-vault monster count
 E = Vault monster count
 F = Vault count percentage of total count
                 A         B        C        D         E       F
            +---------+---------+-------+---------+---------+-------
      Total |     530 |     142 |  21.1 |      96 |      19 |  16.5
            +---------+---------+-------+---------+---------+-------
        D:1 |      64 |       0 |   0.0 |      37 |       0 |   0.0
        D:2 |      64 |      97 |  60.2 |      18 |      13 |  41.9
        D:3 |      84 |      36 |  30.0 |      19 |       1 |   5.0
        D:4 |     157 |       9 |   5.4 |      17 |       5 |  22.7
        D:5 |     161 |       0 |   0.0 |       5 |       0 |   0.0
            +---------+---------+-------+---------+---------+-------
